 Dungeon Crawl Stone Soup version 0.28.0-45-g0d030f2227 (webtiles) character file.

Game seed: 3477399487296587109

4743 crimpus the Blocker (level 10, 0/107 HPs)
             Began as an Ogre Berserker on Apr 16, 2022.
             Was a Priest of Trog.
             Succumbed to a hornet's poison
             ... on level 7 of the Dungeon.
             The game lasted 00:10:44 (11391 turns).

crimpus the Blocker (Ogre Berserker)               Turns: 11391, Time: 00:10:44

Health: 0/107      AC:  4    Str: 25    XL:     10   Next: 46%
Magic:  9/9        EV:  8    Int:  8    God:    Trog [***...]
Gold:   513        SH: 28    Dex: 10    Spells: 9/9 levels left

rFire   . . .      SeeInvis .   z - +2 hand axe (vorpal)
rCold   + + .      Faith    .   i - +13 tower shield of Vanity {rC++ Slay+2}
rNeg    . . .      Spirit   .   b - +0 animal skin
rPois   .          Reflect  .   (helmet restricted)
rElec   .          Harm     .   j - +0 cloak
rCorr   .          Rampage  .   (gloves unavailable)
Will    +....                   (boots unavailable)
Stlth   +.........              (no amulet)
HPRegen 0.27/turn               (no ring)
MPRegen 0.11/turn               (no ring)

@: lethally poisoned (0 -> -9), on berserk cooldown, slowed, studying Armour,
very slow
A: large, unfitting armour, tough skin 1, beak, low MP 1
a: Renounce Religion, Berserk, Trog's Hand


You were on level 7 of the Dungeon.
You worshipped Trog.
Trog was most pleased with you.
You visited 1 branch of the dungeon, and saw 8 of its levels.

You collected 513 gold pieces.

Inventory:

Hand Weapons
 a - a +0 mace
 p - a +0 giant club
 z - a +2 vorpal hand axe (weapon)
Missiles
 q - a throwing net (quivered)
Armour
 b - a +0 animal skin (worn)
 i - the +13 tower shield of Vanity (worn) {rC++ Slay+2}
   (You acquired it on level 4 of the Dungeon)

   Slay:      It affects your accuracy & damage with ranged weapons and melee
   (+2).
   rC:        It greatly protects you from cold.
 j - a +0 cloak (worn)
Jewellery
 e - a ring of ice
 r - a ring of willpower
 x - a ring of ice
 D - a ring of magical power
 F - the ring of Moderation {rElec rC+ rN++ MP+9}
   (You found it on level 7 of the Dungeon)

   [ring of protection from cold]

   rC:        It protects you from cold.
   rElec:     It insulates you from electricity.
   rN:        It greatly protects you from negative energy.
   MP:        It affects your magic capacity (+9).
Wands
 A - a wand of polymorph (19)
Scrolls
 h - 3 scrolls of vulnerability {unknown}
 o - 2 scrolls of torment
 s - 9 scrolls of identify
 t - a scroll of blinking {unknown}
 u - a scroll of fear {unknown}
 v - 2 scrolls of fog {unknown}
 y - 5 scrolls of teleportation
 C - a scroll of enchant armour {unknown}
 E - a scroll of immolation {unknown}
Potions
 c - a potion of invisibility
 d - a potion of experience {unknown}
 f - a potion of might
 g - a potion of flight {unknown}
 k - 2 potions of heal wounds {unknown}
 l - 3 potions of mutation
 m - a potion of curing {unknown}
 n - 2 potions of ambrosia {unknown}
 w - 2 potions of berserk rage {unknown}
 B - a potion of magic {unknown}
 G - a potion of degeneration {unknown}


   Skills:
 + Level 9.3 Fighting
 - Level 6.2 Maces & Flails
 - Level 4.3 Dodging
 * Level 10.6 Shields


You had 9 spell levels left.
You didn't know any spells.
Your spell library was empty.

Dungeon Overview and Level Annotations

Branches:
Dungeon (8/15)             Temple (0/1) D:7            Lair (0/6) D:8

Altars:
Elyvilon
Qazlal
Vehumet

Shops:
D:1 (


Innate Abilities, Weirdness & Mutations

You are too large for most types of armour.
You have tough skin. (AC +1)
You have a beak for a mouth.
Your magical capacity is low. (-10% MP)


Message History

You feel very sick. The hornet stings you!
You feel as though you will be slow longer.
The hornet stings you but does no damage.
You can move again.
You closely miss the hornet.
The hornet is lightly wounded.
You feel very sick. The hornet barely misses you.
You closely miss the hornet.
The hornet is lightly wounded.
You feel sick. You block the hornet's attack. x2
You miss the hornet.
The hornet is lightly wounded.
You feel sick. You block the hornet's attack. The hornet stings you!
* * * LOW HITPOINT WARNING * * *
You feel as though you will be slow longer.
You hit the hornet.
The hornet is moderately wounded.
You feel sick. The hornet stings you!
* * * LOW HITPOINT WARNING * * *
You are more poisoned.
You feel as though you will be slow longer.
The hornet stings you!
* * * LOW HITPOINT WARNING * * *
You feel as though you will be slow longer.
You are too berserk!
* * * LOW HITPOINT WARNING * * *
You feel very sick. The hornet barely misses you.
You feel a strong urge to attack something.
You are no longer berserk.
You are exhausted.
You feel as though you will be slow longer.
* * * LOW HITPOINT WARNING * * *
You feel very sick.
It was a potion of mutation.
You feel extremely strange.
You feel less energetic.
Your mouth lengthens and hardens into a beak!
You die...

## #..# ##<........#..# ##. .##
##.## #..#######...## ## ..##
##.## #.## #..## #..# ##.####.#
#...###### ##.# ##..#..##
##........# #.##
#......######..##.....#
#..#######........#...###.....##
##...................## #...#..#
######........@y....# ##......
####....###>...## #...##. #..###
####..# ##..### ##..# #..#
##...## #########..## #..#
##.....# ##..........# ##..#
#....... #....####...## ##.###
#......# #..### ###..######.##
#....### #..## ##...).#..##
#...##


You could see a hornet.

Vanquished Creatures
  A cyclops (D:7)
  An elephant (D:8)
  A wyvern (D:7)
  2 basilisks (D:7)
  2 steam dragons (D:7)
  4 water moccasins
  A sky beast (D:5)
  2 necrophages
  A black bear (D:4)
  3 centaurs
  4 ogres
  A phantom (D:5)
  A kobold brigand (D:8)
  A gnoll sergeant (D:5)
  3 bullfrogs
  4 scorpions
  2 water moccasin skeletons
  4 killer bees (D:7)
  A wight (D:7)
  A howler monkey (D:5)
  2 centaur zombies
  An orc priest (D:8)
  2 hounds
  2 gnoll shamans (D:7)
  2 jellies
  5 orc wizards
  3 iguanas
  Robin (D:3)
  A howler monkey skeleton (D:7)
  5 gnolls (D:5)
  5 adders
  3 white imps
  An ufetubus (D:7)
  3 adder skeletons
  3 worms
  A dart slug (D:1)
  22 orcs
  3 endoplasms
  7 hobgoblins
  2 quokkas (D:2)
  10 ball pythons
  4 bats
  A frilled lizard (D:2)
  18 goblins
  11 kobolds
  2 rats (D:1)
160 creatures vanquished.

Notes
Turn   | Place    | Note
-------+----------+-------------------------------------------
     0 | D:1      | crimpus the Ogre Berserker began the quest for the Orb.
     0 | D:1      | Reached XP level 1. HP: 24/24 MP: 1/1
    12 | D:1      | Found Woda's Antique Weapon Shoppe.
   274 | D:1      | Reached XP level 2. HP: 32/32 MP: 2/2
  1030 | D:2      | Reached ** piety under Trog
  1190 | D:2      | Reached XP level 3. HP: 40/40 MP: 3/3
  1314 | D:2      | Identified a scroll of acquirement
  2284 | D:3      | Noticed a necrophage
  2301 | D:3      | Killed a necrophage
  2302 | D:3      | Reached skill level 5 in Fighting
  2302 | D:3      | Reached XP level 4. HP: 45/50 MP: 4/4
  2302 | D:3      | Reached XP level 5. HP: 51/57 MP: 5/5
  2613 | D:3      | Found a stormy altar of Qazlal.
  3363 | D:4      | Noticed a black bear
  3371 | D:4      | Killed a black bear
  3372 | D:4      | Reached skill level 5 in Maces & Flails
  3372 | D:4      | Reached XP level 6. HP: 66/66 MP: 6/6
  3632 | D:4      | Noticed Robin
  3986 | D:3      | Killed Robin
  4328 | D:4      | Reached XP level 7. HP: 54/74 MP: 7/7
  4713 | D:4      | Found a white marble altar of Elyvilon.
  5022 | D:4      | Acquired the +13 tower shield of Vanity {rC++ Slay+2}
  5209 | D:5      | Entered Level 5 of the Dungeon
  5285 | D:5      | Reached skill level 1 in Shields
  5292 | D:5      | Reached XP level 8. HP: 84/84 MP: 8/8
  5343 | D:5      | Reached skill level 2 in Shields
  5499 | D:5      | Reached skill level 3 in Shields
  5545 | D:5      | Reached *** piety under Trog
  5686 | D:5      | Reached skill level 4 in Shields
  6254 | D:5      | Reached skill level 5 in Shields
  6647 | D:6      | Reached XP level 9. HP: 81/96 MP: 9/9
  6833 | D:6      | Reached skill level 6 in Shields
  7493 | D:7      | Reached skill level 7 in Shields
  7756 | D:7      | Found a staircase to the Ecumenical Temple.
  8146 | D:7      | Reached **** piety under Trog
  8265 | D:7      | Reached skill level 8 in Shields
  8743 | D:7      | Identified the ring of Moderation {rElec rC+ rN++ MP+9}
  8753 | D:7      | Noticed a cyclops
  8763 | D:7      | Killed a cyclops
  8764 | D:7      | Reached skill level 9 in Shields
  8764 | D:7      | Reached XP level 10. HP: 106/106 MP: 10/10
  9779 | D:8      | Found a radiant altar of Vehumet.
 10431 | D:8      | Reached skill level 10 in Shields
 10556 | D:8      | Found a staircase to the Lair.
 10557 | D:8      | Noticed an elephant
 11126 | D:8      | Killed an elephant
 11382 | D:7      | Paralysed by a hornet for 3 turns
 11390 | D:7      | HP: 4/107 [poisoned by a hornet]
 11391 | D:7      | Gained mutation: Your magical capacity is low. (-10% MP)
                  | [potion of mutation]
 11391 | D:7      | Gained mutation: You have a beak for a mouth. [potion of
                  | mutation]
 11391 | D:7      | Succumbed to a hornet's poison

Illustrated notes

Levels and vault maps discovered:
D:1:      grunt_arrival_crossed_arrows, layout_basic, serial_shops, shop_coins,
          hex_intersection, grunt_decor_clamped, minmay_3d_cube
D:2:      layout_loops_corners
D:3:      layout_basic, grunt_qazlal_clouds, chequers_serial_rivers_micro_b,
          wad_floor_pattern_1
D:4:      black_bear_nest_1, layout_rooms, elyvilon_altar_5,
          minmay_manual_monolith, uniq_robin
D:5:      layout_loops_ring
D:6:      layout_loops_ring
D:7:      minmay_angry_zag, layout_layer_cave, minmay_temple_entry_glassed_door
D:8:      cheibrodos_barr_body, layout_cave_pools, lemuel_round_altar,
          david_lair_generic, serial_shops, shop, minmay_misc_feat_plants,
          minivault_1, minmay_misc_feat_tiny

Skill      XL: |  1  2  3  4  5  6  7  8  9 10 |
---------------+-------------------------------+-----
Maces & Flails | 3 4 5 6 |  6.2
Dodging        | 3 4 |  4.3
Fighting       | 5 6 8 9 |  9.3
Shields        | 1 5 9 10 | 10.6

Action                   |  1- 3 |  4- 6 |  7- 9 | 10-12 || total
-------------------------+-------+-------+-------+-------++-------
Melee: Mace              |   115 |    96 |   250 |       ||   461
       Punch             |     1 |     3 |       |       ||     4
       Giant club        |       |       |    14 |       ||    14
       Hand axe          |       |       |    99 |    81 ||   180
Invok: Berserk           |     1 |     3 |     4 |     7 ||    15
  Use: Scroll            |     2 |       |     5 |       ||     7
       Potion            |       |       |       |     1 ||     1
 Stab: Sleeping          |     1 |     1 |       |       ||     2
Armor: Animal skin       |    41 |    39 |    48 |    10 ||   138
Dodge: Dodged            |    67 |    60 |    46 |    17 ||   190
Block: Tower shield      |       |       |   409 |   130 ||   539
